cohdb
Replays
Latest Replays
All Replays
Popular Replays
Top Player Replays
Match Explorer
How It Works
Community
CoH3 Stats
Reddit
Sign in to upload your games and track your stats! →
Sign in with Steam
Match 43678516
Unlisted
Match 43678516
Overview
Messages
Build Orders
End
Construct Section Command Post
Selects Canadian Shock Battlegroup
Royal Engineer Section
Infantry Section
Infantry Section
Selects Offensive Resupply
Infantry Section
Construct Field Infirmary
Grenade Package
ML 3-inch Mortar Team
Construct Platoon Command Post
Selects Incendiary Munitions
Selects Canadian Shock Section
DOLPHSTALLONE
Rudie8777
Steel Striker
taoyangchen
Victor
hogarthw
0
0
Comments
sign in to comment!
No comments posted yet!